[Event "Titled Tuesday Blitz February 15 Late 2022"]
[White "Plotkin, Mark"]
[Black "Ozdemir, Serhan Berat"]
[WhiteFideId "2611651"]
[BlackFideId "6374611"]
[WhiteElo "2178"]
[BlackElo "1920"]
[Result "1-0"]
[Round "06"]
[TimeControl "180+1"]
[Date "2022.02.16"]
[WhiteClock "0:00:43"]
[BlackClock "0:00:01"]

1. e4 c5 2. Nf3 e6 3. d4 cxd4 4. Nxd4 a6 5. c4 Nf6 6. Nc3 Qc7 7. Bd3 b6 8. O-O Bb7 9. Kh1 d6 10. f4 Nbd7 11. Be3 g6 12. Rc1 Bg7 13. f5 e5 14. Nf3 Nc5 15. Nd5 Qd8 16. fxg6 hxg6 17. Bg5 Rh5 18. Bb1 Bxd5 19. cxd5 Qd7 20. Qe2 a5 21. a3 a4 22. Bd3 Ke7 23. Kg1 Rah8 24. Rc3 Qg4 25. Rfc1 Bh6 26. Bxh6 R8xh6 27. Kf1 Nfd7 28. Ke1 Qf4 29. Bb5 Nf6 30. Bd3 Nfxe4 31. Rc4 f5 32. g3 Qg5 33. Bxe4 fxe4 34. Nh4 Rxh4 35. gxh4 Qxh4+ 36. Kd1 Qf4 37. Qd2 Rxh2 38. Qxf4 exf4 39. R4c2 Rh1+ 40. Ke2 f3+ 41. Ke3 Rxc1 42. Rxc1 Kf6 43. Rh1 g5 44. Rh8 Kf5 45. Rb8 Kg4 46. Rxb6 Kg3 47. Rxd6 g4 48. Rg6 f2 49. Ke2 Nd3 50. Rf6 Nf4+ 51. Rxf4 Kxf4 52. d6 g3 53. d7 g2 54. Kxf2 g1=Q+ 55. Kxg1 Ke3 56. d8=Q 1-0


[Site "https://www.chess.com"]

[Event "Titled Tuesday Blitz February 15 Late 2022"]
[White "Prohorov, Olexandr"]
[Black "Miszler, Levente"]
[WhiteFideId "14105578"]
[BlackFideId "763276"]
[WhiteElo "1993"]
[BlackElo "1966"]
[Result "0-1"]
[Round "06"]
[TimeControl "180+1"]
[Date "2022.02.16"]
[WhiteClock "0:00:10"]
[BlackClock "0:00:23"]

1. d4 e6 2. c4 Nf6 3. Nc3 d5 4. Nf3 Be7 5. Bf4 O-O 6. e3 c6 7. Bd3 dxc4 8. Bxc4 Nbd7 9. O-O Nd5 10. Bg3 b5 11. Bd3 b4 12. Ne2 c5 13. e4 N5f6 14. Rc1 Bb7 15. Qc2 Rc8 16. Qb1 c4 17. Bc2 h6 18. Rfd1 Nb6 19. Nf4 b3 20. axb3 cxb3 21. Bd3 Qd7 22. Rxc8 Rxc8 23. h3 Qa4 24. Rc1 Qa2 25. Rxc8+ Bxc8 26. Nd2 Na4 27. Nc4 Ba6 28. Qc1 Bxc4 29. Qxc4 Nxb2 30. Qc8+ Bf8 31. Nxe6 fxe6 32. Bd6 Nxd3 33. Qxf8+ Kh7 34. e5 Qxf2+ 35. Kh1 Qf1+ 36. Kh2 Ng4+ 37. hxg4 Qxf8 38. Bxf8 b2 39. g5 b1=Q 40. g6+ Kxg6 0-1


[Site "https://www.chess.com"]

[Event "Titled Tuesday Blitz February 15 Late 2022"]
[White "Ramirez, Alejandro"]
[Black "Sadhwani, Raunak"]
[WhiteFideId "6500617"]
[BlackFideId "35093487"]
[WhiteElo "2694"]
[BlackElo "2616"]
[Result "0-1"]
[Round "06"]
[TimeControl "180+1"]
[Date "2022.02.15"]
[WhiteClock "0:00:51"]
[BlackClock "0:01:21"]

1. b3 e5 2. Bb2 Nc6 3. e3 Nf6 4. c4 d5 5. cxd5 Nxd5 6. a3 a6 7. d3 Be6 8. Nf3 Bd6 9. Nbd2 f5 10. Rc1 O-O 11. Rxc6 bxc6 12. Nxe5 c5 13. Be2 Qf6 14. Ndc4 Qh6 15. Bf3 Rae8 16. O-O Nb6 17. g3 Bd5 18. Bxd5+ Nxd5 19. Qf3 Qe6 20. Qd1 Nb6 21. Qc2 Be7 22. f4 Rd8 23. Kg2 Nxc4 24. bxc4 Bf6 25. Rd1 Bxe5 26. Bxe5 Rd7 27. Qb3 Qc6+ 28. Kf2 Rfd8 29. h3 Qh6 30. Kg2 Qh5 31. Rd2 Rxd3 32. Rxd3 Qe2+ 33. Kg1 Qxd3 0-1


[Site "https://www.chess.com"]

[Event "Titled Tuesday Blitz February 15 Late 2022"]
[White "Rangel, Daniel"]
[Black "Vine, Elzbieta"]
[WhiteFideId "2124475"]
[BlackFideId "1119320"]
[WhiteElo "2187"]
[BlackElo "1817"]
[Result "1-0"]
[Round "06"]
[TimeControl "180+1"]
[Date "2022.02.16"]
[WhiteClock "0:00:05"]
[BlackClock "0:00:01"]

1. e4 c5 2. Nf3 d6 3. d4 cxd4 4. Nxd4 Nf6 5. Nc3 e6 6. Bg5 Be7 7. Bb5+ Nbd7 8. O-O a6 9. Ba4 b5 10. Bb3 Bb7 11. a3 O-O 12. Bxe6 fxe6 13. Nxe6 Qa5 14. Nxf8 Rxf8 15. Bxf6 Nxf6 16. Re1 b4 17. axb4 Qxb4 18. Ra4 Qxb2 19. Nd5 Nxd5 20. exd5 Bf6 21. Rae4 Be5 22. g3 Qb6 23. R1e2 a5 24. Kg2 Ba6 25. c4 Qc5 26. f4 Bxc4 27. fxe5 Bxd5 28. exd6 Bxe4+ 29. Rxe4 Qf2+ 30. Kh3 Qf5+ 31. Qg4 Qf1+ 32. Kh4 Qf6+ 33. Qg5 Qxd6 34. Re7 Qf6 35. Qxf6 Rxf6 36. Ra7 Rf5 37. g4 Rb5 38. Kg3 h6 39. h4 Rb3+ 40. Kf4 Rb4+ 41. Kf5 a4 42. g5 Rb5+ 43. Kg6 Rb6+ 44. Kh5 1-0


[Site "https://www.chess.com"]

[Event "Titled Tuesday Blitz February 15 Late 2022"]
[White "Rasulov, Vugar"]
[Black "Zhigalko, Sergei"]
[WhiteFideId "13402390"]
[BlackFideId "13502956"]
[WhiteElo "2560"]
[BlackElo "2662"]
[Result "1-0"]
[Round "06"]
[TimeControl "180+1"]
[Date "2022.02.15"]
[WhiteClock "0:00:25"]
[BlackClock "0:00:04"]

1. e4 c5 2. Nc3 Nc6 3. f4 g6 4. Nf3 Bg7 5. Bb5 Nd4 6. Bc4 d6 7. d3 Nf6 8. Nxd4 cxd4 9. Ne2 d5 10. Bb5+ Kf8 11. e5 Qa5+ 12. Bd2 Qxb5 13. exf6 Bxf6 14. O-O h5 15. b3 h4 16. h3 Bf5 17. Bc1 Rc8 18. Bb2 Qb6 19. Rc1 Rg8 20. Qe1 g5 21. fxg5 Rxg5 22. Kh1 e5 23. Qxh4 Ke7 24. Qf2 Rh8 25. Ng1 Rhg8 26. Rce1 Kd7 27. Bc1 Rh5 28. Qf3 Rgh8 29. Qxd5+ Qd6 30. Qxf7+ Kc8 31. Ba3 Qc6 32. Qc4 Qxc4 33. bxc4 Bh4 34. Rxe5 Bd7 35. Rxh5 Rxh5 36. Nf3 Bg3 37. Nxd4 Ra5 38. Bc1 Rxa2 39. Rf8+ Kc7 40. Bf4+ Bxf4 41. Rxf4 a5 42. h4 a4 43. h5 a3 44. h6 Ra1+ 45. Kh2 a2 46. Nb3 Rb1 47. h7 Rxb3 48. h8=Q Rb5 49. cxb5 1-0


[Site "https://www.chess.com"]

[Event "Titled Tuesday Blitz February 15 Late 2022"]
[White "Romero Ruscalleda, Josep"]
[Black "Urbina Quiroz, Edwin"]
[WhiteFideId "2231859"]
[BlackFideId "6500650"]
[WhiteElo "2409"]
[BlackElo "2130"]
[Result "1/2-1/2"]
[Round "06"]
[TimeControl "180+1"]
[Date "2022.02.16"]
[WhiteClock "0:00:05"]
[BlackClock "0:00:03"]

1. e4 e5 2. Nf3 Nc6 3. Bc4 Nf6 4. d4 exd4 5. e5 d5 6. Bb5 Ne4 7. Nxd4 Bc5 8. Be3 Bd7 9. Bxc6 bxc6 10. O-O Qe7 11. Nd2 Qxe5 12. Nxe4 dxe4 13. c3 O-O 14. Nb3 Bxe3 15. Qxd7 Bf4 16. g3 Bg5 17. Qxc6 f5 18. f4 exf3 19. Rxf3 Rae8 20. Raf1 Be3+ 21. Kg2 Bb6 22. Nd4 g6 23. Rf4 Rf6 24. Qc4+ Kg7 25. h4 Rd6 26. Kh3 Bxd4 27. cxd4 Qa5 28. R1f2 Re7 29. g4 fxg4+ 30. Rxg4 Qd5 31. Qd3 Rde6 32. Rg3 Re4 33. Qf3 Rf7 34. Qxf7+ Qxf7 35. Rxf7+ Kxf7 36. Rd3 Re2 37. Rb3 Rd2 38. Rb7 Rd3+ 39. Kg2 Rxd4 40. Rxc7+ Kf6 41. Rxh7 Rd2+ 42. Kg3 Rxb2 43. Rxa7 Kf5 44. Ra5+ Kf6 45. a4 Rb4 46. Ra6+ Kf5 47. Ra5+ Kf6 48. Kh3 Rc4 49. Ra6+ Kf5 50. Ra5+ Kf6 51. Kg3 Rb4 1/2-1/2


[Site "https://www.chess.com"]

[Event "Titled Tuesday Blitz February 15 Late 2022"]
[White "Ruiz Aguilar, Pablo Alexander"]
[Black "Kalajzic, Ivan"]
[WhiteFideId "4401352"]
[BlackFideId "14506378"]
[WhiteElo "2125"]
[BlackElo "2163"]
[Result "1-0"]
[Round "06"]
[TimeControl "180+1"]
[Date "2022.02.16"]
[WhiteClock "0:00:53"]
[BlackClock "0:00:13"]

1. e4 Nc6 2. Nf3 d6 3. h3 g6 4. d4 Bg7 5. c4 e5 6. d5 Nce7 7. Nc3 Nf6 8. Bg5 O-O 9. Qd2 Kh8 10. h4 h5 11. Bxf6 Bxf6 12. Qh6+ Kg8 13. Ng5 Bxg5 14. hxg5 f6 15. Be2 Rf7 16. gxf6 Rxf6 17. Bxh5 Qf8 18. Qxf8+ Kxf8 19. Bf3 Kg7 20. Nb5 Bd7 21. O-O-O Rc8 22. Kb1 a6 23. Nc3 Rcf8 24. Rd2 g5 25. Nd1 g4 26. Be2 Ng6 27. g3 c5 28. Kc1 b5 29. Bd3 Rf3 30. Rh2 bxc4 31. Bxc4 Bb5 32. Be2 R3f6 33. Bxg4 Ne7 34. Ne3 Nc8 35. Bxc8 Rxc8 36. Nf5+ Rxf5 37. exf5 e4 38. Rh4 Bd3 39. f3 c4 40. fxe4 Kf6 41. Rh6+ Ke5 42. Re6+ Kd4 43. f6 Rh8 44. f7 Rf8 45. Rf2 Ke3 46. Rf4 Rh8 47. f8=Q Rh1+ 48. Rf1 Bxf1 49. Qf4+ Kd3 50. Qf3+ Kd4 51. Qxh1 Bd3 52. Qf3 a5 53. Qf2# 1-0


[Site "https://www.chess.com"]

[Event "Titled Tuesday Blitz February 15 Late 2022"]
[White "Rustemov, Alexander"]
[Black "Kravtsiv, Martyn"]
[WhiteFideId "4119002"]
[BlackFideId "14113147"]
[WhiteElo "2776"]
[BlackElo "2694"]
[Result "1-0"]
[Round "06"]
[TimeControl "180+1"]
[Date "2022.02.15"]
[WhiteClock "0:00:32"]
[BlackClock "0:00:05"]

1. d4 e6 2. c4 Nf6 3. Nf3 b6 4. a3 Bb7 5. Nc3 g6 6. Bf4 Bg7 7. e3 O-O 8. h3 d5 9. Rc1 c6 10. Bd3 Nbd7 11. O-O c5 12. Bd6 Re8 13. Nb5 dxc4 14. Bxc4 Ne4 15. Bh2 e5 16. Qb3 Qe7 17. Nc7 cxd4 18. exd4 exd4 19. Rfe1 Ndc5 20. Qd1 Rad8 21. Nxe8 Rxe8 22. b4 Ne6 23. Bxe6 Qxe6 24. Nxd4 Qa2 25. Qe2 Qxa3 26. Nc6 Re6 27. b5 Bf8 28. Qc2 Bc5 29. Rf1 Bf8 30. Rce1 a6 31. Rxe4 1-0


[Site "https://www.chess.com"]

[Event "Titled Tuesday Blitz February 15 Late 2022"]
[White "Sanal, Vahap"]
[Black "Zierk, Steven"]
[WhiteFideId "6300545"]
[BlackFideId "2034255"]
[WhiteElo "2603"]
[BlackElo "2494"]
[Result "0-1"]
[Round "06"]
[TimeControl "180+1"]
[Date "2022.02.15"]
[WhiteClock "0:00:38"]
[BlackClock "0:01:33"]

1. e4 c5 2. Nc3 Nc6 3. Bb5 e6 4. Bxc6 bxc6 5. d3 d5 6. f4 Nf6 7. e5 Nd7 8. Nf3 c4 9. dxc4 Ba6 10. cxd5 cxd5 11. Be3 Rb8 12. Rb1 Qa5 13. Kf2 Bb4 14. Ne2 Nc5 15. Ned4 Ne4+ 16. Kg1 O-O 17. a3 Bxa3 18. Nc6 Bc5 19. Bd4 Qb6 20. Nxb8 Rxb8 21. Bxc5 Qxc5+ 22. Nd4 Be2 23. Qxe2 Qxd4+ 24. Kf1 Nd2+ 25. Ke1 Nxb1 0-1


[Site "https://www.chess.com"]

[Event "Titled Tuesday Blitz February 15 Late 2022"]
[White "Sarana, Alexey"]
[Black "Pinheiro, Iung Alicio de O."]
[WhiteFideId "24133795"]
[BlackFideId "2104350"]
[WhiteElo "2665"]
[BlackElo "2636"]
[Result "1-0"]
[Round "06"]
[TimeControl "180+1"]
[Date "2022.02.15"]
[WhiteClock "0:01:37"]
[BlackClock "0:00:02"]

1. e4 c5 2. Nf3 d6 3. d4 cxd4 4. Nxd4 Nf6 5. Nc3 Nc6 6. Bg5 e6 7. Qd3 a6 8. O-O-O Bd7 9. f4 b5 10. Nf3 h6 11. Bxf6 gxf6 12. f5 b4 13. Ne2 e5 14. Kb1 Qb6 15. Ng3 h5 16. h4 Na5 17. Be2 Ke7 18. Nd2 Bb5 19. Qf3 Rc8 20. Nxh5 Bh6 21. g4 Qe3 22. Bxb5 axb5 23. g5 Bxg5 24. hxg5 Qxg5 25. Nb3 Nc4 26. Rdg1 Qh6 27. Ng3 Qd2 28. Qd3 Rxh1 29. Rxh1 Qg2 30. Rd1 Qf2 31. Nf1 Rc6 32. Nfd2 Ne3 33. Rc1 Qf4 34. Qxb5 1-0


[Site "https://www.chess.com"]

[Event "Titled Tuesday Blitz February 15 Late 2022"]
[White "Sarkar, Justin"]
[Black "Petrovic, Aleksa"]
[WhiteFideId "2010011"]
[BlackFideId "967629"]
[WhiteElo "2038"]
[BlackElo "2139"]
[Result "1-0"]
[Round "06"]
[TimeControl "180+1"]
[Date "2022.02.16"]
[WhiteClock "0:00:04"]
[BlackClock "0:00:02"]

1. d4 d5 2. c4 c6 3. Nf3 Nf6 4. Nc3 e6 5. Bg5 dxc4 6. e4 b5 7. e5 h6 8. Bh4 g5 9. Nxg5 hxg5 10. Bxg5 Nbd7 11. g3 Bb7 12. Bg2 Qb6 13. exf6 O-O-O 14. O-O c5 15. d5 b4 16. Rb1 Qa6 17. dxe6 Bxg2 18. e7 Bxf1 19. Kxf1 Bxe7 20. fxe7 Rdg8 21. Ne4 Rxg5 22. Nxg5 Qg6 23. h4 Re8 24. Rc1 Ne5 25. Qd5 Qd3+ 26. Qxd3 Nxd3 27. Rxc4 Rxe7 28. h5 f6 29. Ne4 Re5 30. Nxf6 Rf5 31. h6 Rxf2+ 32. Kg1 Rxf6 33. h7 Rh6 34. Rh4 Rxh7 35. Rxh7 Nxb2 36. Kf2 c4 37. Ke2 c3 38. g4 Nc4 39. Kd3 Ne5+ 40. Kc2 Nxg4 41. Rxa7 Ne3+ 42. Kb3 Kb8 43. Re7 Nd5 44. Re5 Nf4 45. Rb5+ Kc7 46. Rxb4 Nd5 47. Rc4+ Kb6 48. a4 Ka6 49. Rc5 Nb6 50. Rxc3 Na8 51. Rc5 Nb6 52. Kb4 Nd7 53. Rc6+ Kb7 54. Rd6 Nb8 55. a5 Nc6+ 56. Kb5 Na7+ 57. Kc5 Nc8 58. Re6 Na7 59. a6+ Kb8 60. Re8+ Nc8 61. Kc6 Ka8 62. Rxc8+ Ka7 63. Rd8 1-0


[Site "https://www.chess.com"]

[Event "Titled Tuesday Blitz February 15 Late 2022"]
[White "Senthil Maran K"]
[Black "Jarocka, Liwia"]
[WhiteFideId "25035681"]
[BlackFideId "21807558"]
[WhiteElo "2194"]
[BlackElo "1896"]
[Result "0-1"]
[Round "06"]
[TimeControl "180+1"]
[Date "2022.02.16"]
[WhiteClock "0:00:03"]
[BlackClock "0:00:40"]

1. d4 c5 2. d5 g6 3. Nc3 Bg7 4. e4 d6 5. Bc4 Nf6 6. a4 O-O 7. Nf3 Bg4 8. O-O Nbd7 9. Bf4 a6 10. h3 Bxf3 11. Qxf3 Nh5 12. Bh2 Ne5 13. Qe2 Nxc4 14. Qxc4 Rb8 15. a5 b5 16. axb6 Qxb6 17. Na4 Qb5 18. Qxb5 axb5 19. Nc3 b4 20. Na4 Nf6 21. Rfe1 Nd7 22. Rad1 b3 23. cxb3 Rxb3 24. f4 Rfb8 25. e5 R8b4 26. Nc3 Rxb2 27. e6 Nf8 28. Ne4 f5 29. Ng5 Ra2 30. Rd3 Bd4+ 31. Kh1 Rbb2 32. Bg1 Rxg2 33. Bxd4 cxd4 34. Rxd4 Rh2+ 35. Kg1 h6 36. Nf3 Rxh3 37. Rd3 Rg3+ 38. Kf1 Kg7 39. Re2 Ra1+ 40. Re1 Rxe1+ 41. Kxe1 Rg4 42. Ke2 Rxf4 43. Ra3 Re4+ 44. Kf2 g5 45. Ra8 Rf4 46. Ke3 Re4+ 47. Kf2 Ng6 48. Ra5 Nf4 49. Kf1 Kf6 50. Kf2 Re2+ 51. Kf1 Re3 52. Kf2 Rd3 53. Ra8 Rxd5 54. Rh8 Kg7 55. Re8 Kf6 56. Rh8 g4 57. Nh4 Nxe6 58. Ng2 Rd2+ 59. Kg3 f4+ 60. Kh2 f3 61. Rxh6+ Kg5 62. Rxe6 Rxg2+ 63. Kh1 Rd2 64. Rxe7 Kf4 65. Re1 d5 66. Kg1 d4 67. Kf1 d3 68. Re8 Kg3 69. Rh8 Rd1# 0-1


[Site "https://www.chess.com"]

[Event "Titled Tuesday Blitz February 15 Late 2022"]
[White "Sliwicki, Damian"]
[Black "Rorrer, Grayson"]
[WhiteFideId "1127128"]
[BlackFideId "30944996"]
[WhiteElo "2084"]
[BlackElo "2122"]
[Result "0-1"]
[Round "06"]
[TimeControl "180+1"]
[Date "2022.02.16"]
[WhiteClock "0:00:48"]
[BlackClock "0:01:04"]

1. e4 c5 2. Nf3 d6 3. d4 cxd4 4. Qxd4 Nc6 5. Bb5 Bd7 6. Bxc6 Bxc6 7. Nc3 h6 8. Be3 Nf6 9. O-O-O e5 10. Qd3 Be7 11. Kb1 Qa5 12. h4 b5 13. a3 b4 14. axb4 Qxb4 15. Nd2 Rb8 16. Nb3 a5 17. Qa6 Bxe4 18. Nxe4 Qxe4 19. Qa7 Rxb3 20. f3 Qxe3 21. Qa8+ Kd7 22. Qxh8 Rb4 23. Qb8 Rxb8 0-1


[Site "https://www.chess.com"]

[Event "Titled Tuesday Blitz February 15 Late 2022"]
[White "Slugin, Sergey"]
[Black "Tanenbaum, Zachary"]
[WhiteFideId "4122569"]
[BlackFideId "2060850"]
[WhiteElo "2358"]
[BlackElo "2168"]
[Result "0-1"]
[Round "06"]
[TimeControl "180+1"]
[Date "2022.02.16"]
[WhiteClock "0:00:01"]
[BlackClock "0:00:05"]

1. e4 e5 2. Nf3 Nc6 3. Bc4 Nf6 4. d3 Be7 5. O-O O-O 6. Re1 d6 7. c3 Be6 8. Nbd2 h6 9. Nf1 Nh7 10. Ng3 Ng5 11. Nxg5 Bxg5 12. Qh5 Bxc1 13. Raxc1 Bxc4 14. dxc4 Ne7 15. Re3 Ng6 16. Nf5 Nf4 17. Qg4 Qf6 18. Rg3 Ne6 19. Qh5 Kh7 20. Re1 Rg8 21. Ree3 Nf4 22. Qh4 Qxh4 23. Nxh4 g6 24. Nf3 f5 25. exf5 gxf5 26. Nh4 Rgf8 27. Rgf3 Kg7 28. g3 Nh3+ 29. Kg2 f4 30. Re1 e4 31. Rxe4 Ng5 32. Re7+ Kf6 33. Rxc7 Nxf3 34. Kxf3 fxg3 35. hxg3 Rf7 36. Rxf7+ Kxf7 37. Ke4 Ke6 38. Ng2 Rf8 39. Nf4+ Kd7 40. Kf3 Rc8 41. b3 b5 42. cxb5 Rxc3+ 43. Ke4 Rc2 44. a4 Rxf2 45. Kd4 Rf3 46. b4 Rxg3 47. Nd5 Rg5 48. Ne3 h5 49. Kc4 h4 50. a5 h3 51. b6 a6 52. b5 axb5+ 53. Kb4 h2 54. b7 Kc7 55. a6 h1=Q 56. a7 Qb1+ 57. Ka5 Kxb7 58. a8=Q+ Kxa8 59. Kb6 Qe4 60. Nd5 Qd4+ 61. Ka6 Qxd5 0-1


[Site "https://www.chess.com"]

[Event "Titled Tuesday Blitz February 15 Late 2022"]
[White "Sohal, Tanraj"]
[Black "Reprintsev, Alexander"]
[WhiteFideId "2608499"]
[BlackFideId "14100541"]
[WhiteElo "2200"]
[BlackElo "2126"]
[Result "1-0"]
[Round "06"]
[TimeControl "180+1"]
[Date "2022.02.16"]
[WhiteClock "0:00:14"]
[BlackClock "0:00:02"]

1. d4 d5 2. Nf3 Nc6 3. g3 Bf5 4. Bg2 Nb4 5. Na3 e6 6. O-O h6 7. c3 Nc6 8. Nc2 Nf6 9. Ne5 Nxe5 10. dxe5 Nd7 11. f4 c5 12. e4 dxe4 13. Qe2 Qb6 14. Kh1 Qc6 15. b4 cxb4 16. cxb4 Rc8 17. Nd4 Qc4 18. Qxc4 Rxc4 19. Be3 Bxb4 20. Rfd1 Nb6 21. Nb5 Nd5 22. Bxa7 O-O 23. a3 Be7 24. Nd4 Ne3 25. Nxf5 Nxf5 26. Rac1 Rfc8 27. Rxc4 Rxc4 28. Re1 Bxa3 29. Bxe4 Bb4 30. Re2 Bc5 31. Bxc5 Rxc5 32. Bxb7 Nd4 33. Rd2 Rc4 34. Kg2 g5 35. Be4 gxf4 36. gxf4 Kg7 37. Bf3 Nb3 38. Rb2 Nc5 39. Kg3 Rxf4 40. Rc2 Nd3 41. Rd2 Rxf3+ 42. Kxf3 Nxe5+ 43. Ke4 Ng6 44. Rf2 f5+ 45. Kf3 Kf6 46. Rb2 Ne5+ 47. Kg3 Kg5 48. Rb6 f4+ 49. Kh3 Kf5 50. Kh4 Nf3+ 51. Kh3 Ng5+ 52. Kg2 h5 53. Rb8 h4 54. h3 e5 55. Rh8 e4 56. Rxh4 e3 57. Rh8 Nf7 58. Rf8 1-0


[Site "https://www.chess.com"]

[Event "Titled Tuesday Blitz February 15 Late 2022"]
[White "Stanisz, Patryk"]
[Black "Toncheva, Nadya"]
[WhiteFideId "1123106"]
[BlackFideId "2924056"]
[WhiteElo "1876"]
[BlackElo "1920"]
[Result "0-1"]
[Round "06"]
[TimeControl "180+1"]
[Date "2022.02.16"]
[WhiteClock "0:00:16"]
[BlackClock "0:00:22"]

1. c4 Nf6 2. g3 g6 3. Bg2 Bg7 4. Nc3 O-O 5. e4 e5 6. Nge2 d6 7. O-O Be6 8. b3 c6 9. d4 exd4 10. Nxd4 Re8 11. Ba3 Qc7 12. Rc1 Nbd7 13. Re1 Nc5 14. Nxe6 Rxe6 15. e5 Nfd7 16. exd6 Rxd6 17. Qe2 Re6 18. Qd2 Rae8 19. Rxe6 Nxe6 20. Rd1 Ne5 21. Ne4 Rd8 22. Qe2 Nd4 23. Qe3 Ng4 24. Qe1 Nc2 25. Rxd8+ Qxd8 26. Qc1 Nxa3 27. Qxa3 Qd1+ 28. Bf1 Bd4 29. Qe7 Kg7 30. h3 Ne5 31. Kg2 Nd3 32. Qd6 Ne1+ 33. Kg1 Bxf2+ 34. Nxf2 Qxd6 35. Be2 Qxg3+ 36. Kf1 Nf3 37. Bxf3 Qc7 38. Ke1 Qb6 39. Kf1 c5 40. Kg2 Qc7 41. Ne4 Qe5 42. Ng3 Qb2+ 43. Ne2 Qxa2 44. Kg3 Qxb3 45. Nf4 Qxc4 46. Nd5 Qd4 47. Nf4 Qe5 48. Kg4 h5+ 49. Kg3 g5 50. Bg4 Qxf4+ 51. Kg2 hxg4 52. hxg4 Qxg4+ 53. Kh2 Qf4+ 54. Kh1 b5 55. Kg2 b4 56. Kh3 b3 57. Kg2 b2 58. Kh3 a5 59. Kg2 a4 60. Kh3 a3 61. Kg2 a2 62. Kh3 c4 63. Kg2 c3 64. Kh1 c2 65. Kg2 Qe4+ 0-1


[Site "https://www.chess.com"]

[Event "Titled Tuesday Blitz February 15 Late 2022"]
[White "Stankovic, Ivan G"]
[Black "Araujo Filho, Luiz Antonio Coel"]
[WhiteFideId "902837"]
[BlackFideId "2130661"]
[WhiteElo "2195"]
[BlackElo "2203"]
[Result "1-0"]
[Round "06"]
[TimeControl "180+1"]
[Date "2022.02.16"]
[WhiteClock "0:00:59"]
[BlackClock "0:00:14"]

1. e4 c6 2. d3 d5 3. Nd2 dxe4 4. dxe4 g6 5. Ngf3 Bg7 6. g3 Nf6 7. e5 Nd5 8. h3 O-O 9. Bg2 Nd7 10. Qe2 Nc5 11. O-O Ne6 12. Ne4 h6 13. c4 Nb6 14. Rd1 Qc7 15. b3 Bxe5 16. Nxe5 Qxe5 17. Bb2 Qc7 18. Qe3 Kh7 19. Qc3 f6 20. h4 Nd7 21. h5 g5 22. Bh3 Ne5 23. Bf5+ Kh8 24. Rd2 Ng7 25. Bxc8 Raxc8 26. f4 Nf3+ 27. Qxf3 Rcd8 28. Rad1 Rxd2 29. Rxd2 gxf4 30. Qxf4 Qxf4 31. gxf4 Nxh5 32. f5 Ng7 33. Ng3 Rg8 34. Kf2 h5 35. Kf3 h4 36. Rh2 1-0


[Site "https://www.chess.com"]

[Event "Titled Tuesday Blitz February 15 Late 2022"]
[White "Svane, Rasmus"]
[Black "Paravyan, David"]
[WhiteFideId "4657101"]
[BlackFideId "4194985"]
[WhiteElo "2645"]
[BlackElo "2569"]
[Result "1-0"]
[Round "06"]
[TimeControl "180+1"]
[Date "2022.02.15"]
[WhiteClock "0:01:02"]
[BlackClock "0:00:12"]

1. Nf3 Nf6 2. g3 g6 3. Bg2 Bg7 4. O-O O-O 5. d4 d5 6. c4 c6 7. Qb3 Qb6 8. Nc3 Rd8 9. Bd2 Bf5 10. Na4 Qxb3 11. axb3 Ne4 12. Nb6 axb6 13. Rxa8 Nxd2 14. Nxd2 Bxd4 15. cxd5 cxd5 16. Bxd5 Bxb2 17. Nc4 Bf6 18. Bxb7 b5 19. Ne3 Be6 20. Rd1 Rf8 21. Nd5 b4 22. Nxf6+ exf6 23. Bd5 Bf5 24. Rd4 Kg7 25. Rxb4 Nd7 26. Rxf8 Kxf8 27. Rb7 Ne5 28. f4 Nd7 29. e4 Bh3 30. Kf2 h5 31. Ke3 g5 32. b4 1-0


[Site "https://www.chess.com"]

[Event "Titled Tuesday Blitz February 15 Late 2022"]
[White "Tang, Andrew"]
[Black "Jaracz, Pawel"]
[WhiteFideId "2059630"]
[BlackFideId "1102222"]
[WhiteElo "2584"]
[BlackElo "2429"]
[Result "1-0"]
[Round "06"]
[TimeControl "180+1"]
[Date "2022.02.15"]
[WhiteClock "0:00:03"]
[BlackClock "0:00:05"]

1. d4 Nf6 2. c4 e6 3. Nc3 Bb4 4. Qc2 d5 5. cxd5 Qxd5 6. Nf3 Qf5 7. Qb3 Nc6 8. Bd2 O-O 9. h3 Bxc3 10. Bxc3 Ne4 11. e3 Qd5 12. Bc4 Qd6 13. O-O b6 14. Bd3 Nxc3 15. Qxc3 Bb7 16. Be4 Rac8 17. Ne5 Nxd4 18. Bxh7+ Kxh7 19. exd4 c5 20. Rfd1 Qd5 21. Qg3 cxd4 22. Nf3 d3 23. Rxd3 Qf5 24. Ng5+ Kg8 25. Rd7 Bd5 26. Rxa7 Rc2 27. b3 e5 28. Re1 Re8 29. h4 Qg6 30. Kh2 f6 31. Nf3 Qxg3+ 32. Kxg3 Rc3 33. Re3 Rec8 34. Ra6 b5 35. Ra5 Rxe3 36. fxe3 Bc6 37. Kf2 Bd7 38. Ne1 Rc1 39. Ra7 Bf5 40. Rb7 Ra1 41. Rxb5 Rxa2+ 42. Kf3 Bd7 43. Rb6 Rd2 44. g3 Bf5 45. e4 Bg6 46. g4 Rb2 47. h5 Bf7 48. Nd3 Rxb3 49. Rxb3 Bxb3 50. Nc5 Bd1+ 51. Kg3 Kf7 52. Kh4 Bc2 53. g5 f5 54. g6+ Kf6 55. Nd7+ Ke7 56. Nxe5 fxe4 57. Ng4 Bd1 58. Ne3 Kf6 59. Nxd1 Kf5 60. Ne3+ Kf4 61. h6 1-0


[Site "https://www.chess.com"]

[Event "Titled Tuesday Blitz February 15 Late 2022"]
[White "Tasev, Dejan"]
[Black "Carreto Nieto, Giovanni"]
[WhiteFideId "936618"]
[BlackFideId "5105030"]
[WhiteElo "2253"]
[BlackElo "2221"]
[Result "0-1"]
[Round "06"]
[TimeControl "180+1"]
[Date "2022.02.16"]
[WhiteClock "0:00:41"]
[BlackClock "0:00:32"]

1. e4 c5 2. Nf3 Nc6 3. Nc3 g6 4. d4 cxd4 5. Nxd4 Bg7 6. Be3 Nf6 7. Bc4 O-O 8. Bb3 d6 9. f3 Bd7 10. Qd2 Qa5 11. O-O-O Rfc8 12. Kb1 Ne5 13. h4 b5 14. h5 Nxh5 15. g4 Nf6 16. Bh6 Bxh6 17. Rxh6 Rxc3 18. Qxc3 Qxc3 19. bxc3 a5 20. a3 Rc8 21. Kb2 Kg7 22. Rhh1 g5 23. Rh3 h5 24. Rdh1 hxg4 25. fxg4 Bxg4 26. Nf5+ Bxf5 27. exf5 g4 28. Re3 Rh8 29. Rg1 Rh5 30. Rf1 Rg5 31. Rg3 Nh5 32. Rg2 Kf6 33. Bd5 Rxf5 34. Rh1 Nf4 35. Rd2 Nxd5 36. Rxd5 Nc4+ 0-1


[Site "https://www.chess.com"]

[Event "Titled Tuesday Blitz February 15 Late 2022"]
[White "Titichoca Daza, Daniel"]
[Black "Wu, Christopher"]
[WhiteFideId "3309550"]
[BlackFideId "2040875"]
[WhiteElo "1968"]
[BlackElo "2670"]
[Result "1-0"]
[Round "06"]
[TimeControl "180+1"]
[Date "2022.02.16"]
[WhiteClock "0:00:37"]
[BlackClock "0:00:15"]

1. e4 c5 2. Nc3 d6 3. Nf3 a6 4. d4 cxd4 5. Qxd4 Nc6 6. Qe3 Nf6 7. h3 e6 8. b3 Be7 9. Bb2 O-O 10. O-O-O Qc7 11. g4 b5 12. g5 Nd7 13. Kb1 Bb7 14. h4 Rac8 15. Bd3 Nc5 16. h5 Ne5 17. Nd4 b4 18. Nce2 d5 19. exd5 Nexd3 20. cxd3 Bxd5 21. Rhg1 Qh2 22. h6 g6 23. Ng3 Rfd8 24. Ndf5 exf5 25. Qxe7 Ne6 26. Qf6 Kf8 27. Nxf5 gxf5 28. g6 hxg6 29. Rxg6 Qxf2 30. Rg8+ 1-0


[Site "https://www.chess.com"]

[Event "Titled Tuesday Blitz February 15 Late 2022"]
[White "Tregubov, Pavel V."]
[Black "Hess, Robert"]
[WhiteFideId "4115341"]
[BlackFideId "2022036"]
[WhiteElo "2341"]
[BlackElo "2557"]
[Result "1-0"]
[Round "06"]
[TimeControl "180+1"]
[Date "2022.02.15"]
[WhiteClock "0:01:03"]
[BlackClock "0:00:02"]

1. e4 g6 2. d4 Bg7 3. Nf3 d6 4. Nc3 a6 5. Be2 e6 6. O-O Ne7 7. Be3 Nd7 8. Qd2 h6 9. a4 b6 10. Rfe1 Bb7 11. Bf1 g5 12. h3 Ng6 13. d5 e5 14. Ne2 Nf6 15. Ng3 Bc8 16. Nh2 Nf4 17. Bxf4 gxf4 18. Nf5 Bf8 19. c4 Nxe4 20. Nxd6+ cxd6 21. Rxe4 f5 22. Ree1 Kf7 23. a5 Rb8 24. b4 Bg7 25. axb6 Qxb6 26. Rab1 Rf8 27. c5 dxc5 28. Bc4 Kg6 29. Nf3 Re8 30. d6 Bd7 31. Qd5 Kh7 32. Nxe5 Rxe5 33. Rxe5 cxb4 34. Re7 Rd8 35. Rxd7 Rxd7 36. Qxf5+ 1-0


[Site "https://www.chess.com"]